 Dungeon Sprint DCSS version 0.27-a0-156-gbcd94eb011 (webtiles) character file.

Game seed: 15796299427906617428

503 mhtbhm the Martial Artist (level 7, -1/52 HPs)
             Began as a Merfolk Transmuter on Jan 28, 2021.
             Was a Follower of Sif Muna.
             Slain by a troll (8 damage)
             ... in the Dungeon (Sprint IX: "|||||||||||||||||||||||||||||").
             The game lasted 00:01:23 (391 turns).

mhtbhm the Martial Artist (Merfolk Transmuter)       Turns: 391, Time: 00:01:24

Health: -1/52      AC:  3    Str: 12    XL:     7   Next: 17%
Magic:  2/15       EV: 17    Int: 13    God:    Sif Muna [*.....]
Gold:   0          SH:  0    Dex: 14    Spells: 6/17 levels left

rFire    . . .     SeeInvis .     - Unarmed
rCold    . . .     Faith    .   (shield currently unavailable)
rNeg     . . .     Spirit   .   a - +0 robe
rPois    .         Reflect  .   (no helmet)
rElec    .         Harm     .   (no cloak)
rCorr    .         Rampage  .   (gloves currently unavailable)
Will     .....     NoTele   +   m - +0 pair of boots
Stlth    +.........             (no amulet)
HPRegen  0.17/turn              (no ring)
MPRegen  0.14/turn              (no ring)

@: blade hands (expiring), wereblooded (expiring)
A: change form in water, swift swim, stealthy swim
a: End Transformation, Renounce Religion, Channel Magic


You were in the Dungeon.
You worshipped Sif Muna.
Sif Muna was aware of your devotion.
You had blades for hands.
You visited 1 branch

Inventory:

Armour
 a - a +0 robe (worn)
 m - a +0 pair of boots (worn)
 n - a +0 pair of gloves (melded)
Jewellery
 k - a +3 ring of strength
 l - a +3 ring of dexterity
Wands
 j - a wand of iceblast (10)
Scrolls
 g - 3 scrolls of remove curse
 h - 2 scrolls of blinking
 i - 2 scrolls of amnesia
Potions
 b - a potion of invisibility
 d - 3 potions of curing
 e - a potion of haste
 f - 4 potions of magic


   Skills:
 + Level 3.4 Fighting
 + Level 8.6 Dodging
 + Level 11.7 Unarmed Combat
 + Level 5.8 Spellcasting
 + Level 7.2 Transmutations


You had 6 spell levels left.
You knew the following spells:

 Your Spells              Type           Power        Failure   Level
a - Beastly Appendage     Tmut           44%          14%         1
b - Wereblood             Tmut           22%          17%         2
c - Spider Form           Tmut/Pois      6%           50%         3
d - Blade Hands           Tmut           11%          67%         5

Your spell library contained the following spells:

 Spells                   Type           Power        Failure   Level
 Ice Form                 Ice/Tmut       13%          78%         4


Dungeon Overview and Level Annotations

Branches:
Dungeon (1/1)

Altars:
Cheibriados
Dithmenos
Elyvilon
Fedhas
Gozag
Hepliaklqana
Kikubaaqudgha
Makhleb
Nemelex Xobeh
Okawaru
Qazlal
Ru
Sif Muna
Trog
Uskayaw
Vehumet
Wu Jian
Xom
Yredelemnul
Zin
The Shining One
Beogh
Jiyva
Lugonu


Message History

The troll misses you.
You feel much better. The troll completely misses you.
The troll closely misses you. x2
You slash the troll!
The troll is moderately wounded.
The troll misses you. The troll claws you! x2
* * * LOW HITPOINT WARNING * * *
You hit the troll.
The troll is moderately wounded.
You howl as the wereblood boils in your veins!
You slash the troll! Your slash misses the troll.
The troll is almost dead.
The troll closely misses you. The troll barely misses you.
The troll claws you but does no damage.
The hound stops to sniff the ground.
You barely miss the troll.
The troll is severely wounded.
Your transformation is almost over.
Your primal bloodlust is almost over.
The troll closely misses you. The troll claws you!
You die... ▓▓▓▓▓▓▓▓▓▓▓▓▓▓▓▓▓▓▓▓▓▓▓▓ _______'..)...[.@Th..... ▓▓▓▓▓▓▓▓▓▓▓▓▓▓▓▓▓▓▓▓▓▓▓▓

You could see a troll and a hound.

Vanquished Creatures
  A water moccasin (D)
  3 sky beasts (D)
  A scorpion (D)
  2 hounds (D)
  An adder (D)
  A giant cockroach (D)
  A goblin (D)
  A jackal (D)
  A bat (D)
  A quokka skeleton (D)
  A rat (D)
14 creatures vanquished.

Notes
Turn   | Place    | Note
-------+----------+-------------------------------------------
     0 | D        | mhtbhm the Merfolk Transmuter began the quest for the Orb.
     0 | D        | Reached XP level 1. HP: 15/15 MP: 3/3
     9 | D        | Reached skill level 4 in Unarmed Combat
   107 | D        | Noticed a sky beast
   107 | D        | Noticed a hound
   107 | D        | Noticed a scorpion
   113 | D        | Killed a sky beast
   114 | D        | Reached skill level 5 in Dodging
   114 | D        | Reached skill level 7 in Unarmed Combat
   114 | D        | Reached XP level 2. HP: 9/21 MP: 2/6
   114 | D        | Reached XP level 3. HP: 12/26 MP: 2/8
   114 | D        | Reached XP level 4. HP: 14/32 MP: 2/9
   117 | D        | Reached skill level 8 in Unarmed Combat
   117 | D        | Reached skill level 5 in Transmutations
   117 | D        | Reached XP level 5. HP: 12/37 MP: 2/11
   121 | D        | Reached skill level 9 in Unarmed Combat
   145 | D        | Found a roughly hewn altar of Beogh.
   145 | D        | Found a snail-covered altar of Cheibriados.
   145 | D        | Found a shadowy altar of Dithmenos.
   145 | D        | Found a white marble altar of Elyvilon.
   145 | D        | Found a blossoming altar of Fedhas.
   145 | D        | Found an opulent altar of Gozag.
   146 | D        | Found a hazy altar of Hepliaklqana.
   147 | D        | Found a viscous altar of Jiyva.
   148 | D        | Found an ancient bone altar of Kikubaaqudgha.
   149 | D        | Found a corrupted altar of Lugonu.
   150 | D        | Found a burning altar of Makhleb.
   151 | D        | Found a sparkling altar of Nemelex Xobeh.
   152 | D        | Found an iron altar of Okawaru.
   153 | D        | Found a stormy altar of Qazlal.
   154 | D        | Found a sacrificial altar of Ru.
   155 | D        | Found a shimmering blue altar of Sif Muna.
   156 | D        | Found a bloodstained altar of Trog.
   157 | D        | Found a hide-covered altar of Uskayaw.
   158 | D        | Found a radiant altar of Vehumet.
   159 | D        | Found an ornate altar of the Wu Jian Council.
   160 | D        | Found a shimmering altar of Xom.
   161 | D        | Found a basalt altar of Yredelemnul.
   162 | D        | Found a glowing silver altar of Zin.
   163 | D        | Became a worshipper of Sif Muna the Loreminder
   306 | D        | Found a glowing golden altar of the Shining One.
   353 | D        | Learned a level 2 spell: Wereblood
   357 | D        | Learned a level 3 spell: Spider Form
   363 | D        | Learned a level 5 spell: Blade Hands
   365 | D        | Noticed a sky beast
   365 | D        | Noticed a water moccasin
   365 | D        | Noticed a sky beast
   365 | D        | Noticed a troll
   373 | D        | Killed a sky beast
   374 | D        | Reached skill level 10 in Unarmed Combat
   374 | D        | Reached skill level 5 in Spellcasting
   374 | D        | Reached XP level 6. HP: 20/46 MP: 5/13
   379 | D        | Killed a water moccasin
   379 | D        | Reached * piety under Sif Muna
   380 | D        | Reached skill level 11 in Unarmed Combat
   384 | D        | Killed a sky beast
   385 | D        | Reached XP level 7. HP: 18/52 MP: 6/15
   391 | D        | Slain by a troll

Illustrated notes

Levels and vault maps discovered:
D:        linesprint [early_d, line_temple, items_1, d_10, items_2, lair_1,
          lair_end, items_3, orc_1, orc_end, items_4, d_15, swamp_1, shoals_1,
          snake_1, spider_1, d_20, vaults_1, items_5, swamp_end, shoals_end,
          snake_end, spider_end, vaults_end, d_27, items_6, zot_1, zot_end,
          crypt_end, forest_end, elf_end, slime_end, tomb_end, abyss_end,
          pan_hell_end]

Skill      XL: |  1  2  3  4  5  6 |
---------------+-------------------+-----
Unarmed Combat | 7 8 10 11 | 11.7
Dodging        | 5 7 8 |  8.6
Spellcasting   | 3 4 5 |  5.8
Transmutations | 4 5 6 7 |  7.2
Fighting       | 2 3 |  3.4

Action                   |  1- 3 |  4- 6 |  7- 9 || total
-------------------------+-------+-------+-------++-------
Melee: Unarmed           |    18 |    39 |     4 ||    61
       Headbutt          |     3 |     3 |       ||     6
       Punch             |       |     2 |       ||     2
 Cast: Beastly Appendage |     2 |       |       ||     2
       Blade Hands       |       |     1 |     1 ||     2
       Wereblood         |       |     1 |       ||     1
  Use: Potion            |     1 |     3 |     2 ||     6
Armor: Robe              |     3 |     2 |     1 ||     6
Dodge: Dodged            |     5 |    21 |    11 ||    37

Table legend: (Time is in decaauts)
 A = Elapsed time spent in this place.
 B = Non-inter-level travel time spent in this place.
 C = Inter-level travel time spent in this place.
 D = Time resting spent in this place.
 E = Time spent auto-exploring this place.
 F = Levels seen in this place.
 G = Mean time per level.
                   A        B        C        D        E       F      G
               +--------+--------+--------+--------+--------+-----+--------+
         Total |    394 |    394 |      0 |    223 |      0 |   1 |  394.0 |
       Dungeon |    394 |    394 |      0 |    223 |      0 |   1 |  394.0 |
               +--------+--------+--------+--------+--------+-----+--------+

Top non-repeatable levels by time:
       D: 394 daAuts
